 Seeded DCSS version 0.26.1-2-gb8aa6d0cf2 (webtiles) character file.

Game seed: 13580442721858370627 (custom seed)

56 jmmainvi the Sneak (level 3, -9/16 HPs)
             Began as a Spriggan Enchanter on Feb 15, 2021.
             Killed by nerve-wracking pain
             ... invoked by a shadow imp
              (12 damage)
             ... on level 6 of the Dungeon.
             The game lasted 00:04:12 (1203 turns).

jmmainvi the Sneak (Spriggan Enchanter)             Turns: 1203, Time: 00:04:12

Health: -9/16      AC:  4    Str:  5    XL:     3   Next: 69%
Magic:  7/8        EV: 18    Int: 16    God:
Gold:   86         SH:  0    Dex: 16    Spells: 4/7 levels left

rFire    + . .     SeeInvis +   a - +1 dagger
rCold    . . .     Faith    .   (shield restricted)
rNeg     . . .     Spirit   .   b - +0 robe
rPois    .         Reflect  .   (helmet restricted)
rElec    .         Harm     .   g - +1 cloak
rCorr    .         Rampage  .   (gloves unavailable)
Will     .....                  (boots unavailable)
Stlth    +++.......             k - amulet of the acrobat
HPRegen  0.05/turn              d - ring of protection from fire
MPRegen  0.11/turn              (no ring)

@: very quick
A: very small, unfitting armour, see invisible, speed 3
a: no special abilities


You were on level 6 of the Dungeon.
You visited 1 branch of the dungeon, and saw 6 of its levels.

You collected 86 gold pieces.

Inventory:

Hand Weapons
 a - a +1 dagger (weapon)
Missiles
 i - 7 datura-tipped darts
Armour
 b - a +0 robe (worn)
 g - a +1 cloak (worn)
Jewellery
 d - a ring of protection from fire (left hand)
 k - an amulet of the acrobat (around neck)
Scrolls
 e - 2 scrolls of identify {unknown}
 f - a scroll of blinking {unknown}
 h - a scroll of teleportation {unknown}
 j - a scroll of amnesia {unknown}
 l - a scroll of enchant armour {unknown}
 n - a scroll of enchant weapon {unknown}
Potions
 c - a potion of might {unknown}
 m - a potion of brilliance {unknown}


   Skills:
 - Level 1.1 Short Blades
 - Level 3.0 Dodging
 + Level 5.3 Stealth
 - Level 2.6 Spellcasting
 * Level 4.9 Hexes
 + Level 0.9 Ice Magic


You had 4 spell levels left.
You knew the following spells:

 Your Spells              Type           Power        Failure   Level
a - Corona                Hex            18%          2%          1
b - Ensorcelled Hibernat  Hex/Ice        22%          9%          2

Your spell library contained the following spells:

 Spells                   Type           Power        Failure   Level
 Confusing Touch          Hex            17%          8%          3
 Tukima's Dance           Hex            17%          8%          3
 Dazzling Flash           Conj/Hex       20%          22%         3


Dungeon Overview and Level Annotations

Branches:
Dungeon (6/15)
 Temple: D:4-7

Altars:
Wu Jian

Annotations:
D:3 2 transporters, Calibrex's ghost, amateur OgBe


Innate Abilities, Weirdness & Mutations

You are very small and have problems with some larger weapons.
You are too small for most types of armour.
You have supernaturally acute eyesight. (SInv)
You cover ground extremely quickly.


Message History

The shadow imp gestures at you. Pain shoots through your body!
Ouch! That really hurt!
You hit the shadow imp.
The shadow imp is almost dead.
The shadow imp hits you.
* * * LOW HITPOINT WARNING * * *
You hit the shadow imp but do no damage.
The shadow imp is almost dead.
The shadow imp hits you but does no damage.
Casting: Corona (safe; 2% risk of failure)
Confirm with . or Enter, or press ? or * to list all spells.
Aiming: Corona (safe; 2% risk of failure)
Press: ? - help, Shift-Dir - straight line, f/p - shadow imp
Aim: a shadow imp (almost dead, chance to affect: 63%)
The shadow imp struggles to resist.
The shadow imp gestures at you. Pain shoots through your body!
Ouch! That really hurt!
You die...

.......
♣♣♣♣.#######+##+#### ♣
♣...............#
♣...............#
♣...............#
♣...............#
♣♣♣♣...............#+###
.♣♣.#######+##..........
.....#...'...#.5@.......
....##...#..............
....##..###.............
....##..# #...._..####..
.....#..#.........+ .
.....'..+.........#
...###..####.#..+## ...#
#..# #.##.. ..........
... +..


You could see a shadow imp.

Vanquished Creatures
  A hound (D:6)
  An adder (D:3)
  2 leopard geckos
  A giant cockroach (D:1)
  3 goblins
  2 hobgoblins (D:1)
  2 bats (D:3)
  2 frilled lizards (D:1)
  2 kobolds (D:1)
16 creatures vanquished.

Notes
Turn   | Place    | Note
-------+----------+-------------------------------------------
     0 | D:1      | jmmainvi the Spriggan Enchanter began the quest for the
                  | Orb.
     0 | D:1      | Reached XP level 1. HP: 9/9 MP: 5/5
   420 | D:1      | Reached XP level 2. HP: 13/13 MP: 6/6
   423 | D:1      | Learned a level 2 spell: Ensorcelled Hibernation
   844 | D:3      | Reached skill level 5 in Stealth
   905 | D:3      | Found a transporter.
   906 | D:3      | Found a transporter.
   964 | D:3      | Noticed Calibrex's ghost (amateur OgBe)
  1044 | D:5      | Entered Level 5 of the Dungeon
  1080 | D:6      | Reached XP level 3. HP: 13/16 MP: 2/8
  1167 | D:6      | Found an ornate altar of the Wu Jian Council.
  1203 | D:6      | Killed from afar by a shadow imp

Illustrated notes

Levels and vault maps discovered:
D:1:      minmay_arrival_four_loops, layout_loops_corners,
          nemelex_diamond_rough_becter
D:2:      layout_basic, minmay_crystal_room
D:3:      minmay_razor_zed, layout_basic, gammafunk_ghost_gnarly_gnolls,
          chequers_ecumenical_altar_twisty, trog_three_pillars_becter
D:4:      cheibrodos_quashed, layout_basic, moated_statue, uniq_duvessa
D:5:      lemuel_ratsnest, layout_loops_cross, led_xom_imps
D:6:      layout_gridville, temple_doors_cd, basic_altar, nrook_campfire

Skill      XL: |  1  2 |
---------------+-------+-----
Hexes          | 4 |  4.9
Stealth        | 5 |  5.3
Short Blades   | |  1.1
Dodging        | |  3.0
Spellcasting   | |  2.6
Ice Magic      | |  0.9

Action                   || total
-------------------------++-------
Melee: Dagger            ||    62
 Cast: Corona            ||     4
       Ensorcelled Hiber ||     9
 Stab: Sleeping          ||     9
       Distracted        ||     1
Armor: Robe              ||    10
Dodge: Dodged            ||    49
